 Dungeon Crawl Stone Soup version 0.19.4 (console) character file.

172 Kloppie the Skirmisher (level 5, -2/50 HPs)
             Began as a Ghoul Fighter on Jan 31, 2017.
             Killed from afar by a white imp (5 damage)
             ... with a puff of frost
             ... summoned by Natasha
             ... on level 2 of the Dungeon.
             The game lasted 00:02:38 (1589 turns).

Kloppie the Skirmisher (Ghoul Fighter)              Turns: 1589, Time: 00:02:38

Health: -2/50      AC:  7    Str: 21    XL:     5   Next: 53%
Magic:  4/4        EV:  7    Int:  3    God:
Gold:   82         SH:  8    Dex:  8    Spells: 0 memorised, 4 levels left

rFire  . . .     SeeInvis .     a - +0 war axe
rCold  + . .     Gourm    .     b - +0 scale mail
rNeg   + + +     Faith    .     c - +0 shield
rPois  ∞         Spirit   .     h - +0 hat
rElec  .         Reflect  .     (no cloak)
rCorr  .         Harm     .     e - +0 pair of gloves
MR     .....                    (no boots)
Stlth  ..........               (no amulet)
                                (no ring)
                                (no ring)

@: flying, rotting
A: rotting body, claws 1, carnivore 3, cold resistance 1, negative energy
resistance 3, slow regeneration 1, torment resistance, unbreathing
a: no special abilities


You were on level 2 of the Dungeon.
You were not hungry.

You visited 1 branch of the dungeon, and saw 2 of its levels.

You collected 82 gold pieces.

Inventory:

Hand Weapons
 a - a +0 war axe (weapon)
Armour
 b - a +0 scale mail (worn)
 c - a +0 shield (worn)
 e - a +0 pair of gloves (worn)
 h - a +0 hat (worn)
Jewellery
 i - a +4 ring of intelligence {unknown}
 n - a +2 ring of dexterity {unknown}
Scrolls
 j - a scroll of teleportation {unknown}
 m - 2 scrolls of fear {unknown}
 o - 2 scrolls of identify {unknown}
 p - a scroll of enchant armour {unknown}
Potions
 l - a potion of degeneration {unknown}
 q - 2 potions of mutation {unknown}
Comestibles
 f - 2 meat rations


   Skills:
 * Level 5.8 Fighting
 + Level 3.1 Axes
 - Level 2.6 Armour
 - Level 2.6 Shields


You had 4 spell levels left.
You didn't know any spells.

Dungeon Overview and Level Annotations

Branches:
Dungeon (2/15)

Altars:

Annotations:
D:2 Natasha


Innate Abilities, Weirdness & Mutations

Your body is rotting away.
You thrive on raw meat.
You are immune to poison.
You have sharp fingernails.
You are carnivorous and can eat meat at any time.
Your flesh is cold resistant. (rC+)
You are immune to negative energy. (rN+++)
You regenerate slowly when monsters are visible.
You are immune to unholy pain and torment.
You can survive without breathing.


Message History

Natasha is heavily wounded.
You hit the crimson imp. Natasha claws you.
* * * LOW HITPOINT WARNING * * *
Natasha claws you but does no damage.
You closely miss Natasha.
Natasha is heavily wounded.
Your scale mail prevents you from hitting the crimson imp.
You block the crimson imp's attack. Natasha claws you.
* * * LOW HITPOINT WARNING * * *
The crimson imp blinks!
It was a potion of flight.
You feel very buoyant.
You fly up into the air.
Natasha claws you.
* * * LOW HITPOINT WARNING * * *
Your shield prevents you from hitting Natasha.
Natasha is heavily wounded.
You closely miss the white imp.
Natasha mumbles some strange words.
The white imp gestures at you. The puff of frost hits you! You resist.
You die...

...##.......####.÷####.##
........................##
..##.........###.........#
.................#.#.###.#
...#........>###.###..#..#
......<.........5#.#.###.#
.#.###.....####....(8....#
...# ##...## #5h###.#.#.#
...# ##### #$@.#(.###.#
..## #..###.#.#.# .##
#..........# .#
#..........# .#
############ .# .# ##


You could see Natasha, a crimson imp and a white imp.

Vanquished Creatures
  Jessica (D:2)
  Natasha (twice) (D:2)
  4 adders (D:2)
  2 worms (D:2)
  3 dart slugs
  2 leopard geckos (D:1)
  9 bats
  A giant cockroach (D:2)
  3 goblins
  5 hobgoblins
  4 jackals (D:1)
  5 kobolds
  A quokka (D:2)
  9 frilled lizards
  3 rats (D:1)
54 creatures vanquished.

Notes
Turn   | Place    | Note
-------+----------+-------------------------------------------
     0 | D:1      | Kloppie the Ghoul Fighter began the quest for the Orb.
     0 | D:1      | Reached XP level 1. HP: 19/19 MP: 0/0
    86 | D:1      | Reached XP level 2. HP: 19/27 MP: 1/1
   206 | D:1      | Reached skill level 4 in Fighting
   429 | D:1      | Reached XP level 3. HP: 24/33 MP: 2/2
   734 | D:2      | Noticed Natasha
   758 | D:2      | Killed Natasha
   758 | D:2      | Reached XP level 4. HP: 17/41 MP: 3/3
   971 | D:2      | Reached skill level 5 in Fighting
   993 | D:2      | Noticed Natasha
   999 | D:2      | Killed Natasha
  1018 | D:2      | Noticed Jessica
  1027 | D:2      | Killed Jessica
  1027 | D:2      | Reached XP level 5. HP: 41/48 MP: 4/4
  1563 | D:2      | Noticed Natasha
  1589 | D:2      | Killed from afar by a white imp

Skill      XL: |  1  2  3  4  5 |
---------------+----------------+-----
Axes           | 2 3 |  3.1
Fighting       | 4 5 |  5.8
Armour         | |  2.6
Shields        | |  2.6

Action                   |  1- 3 |  4- 6 || total
-------------------------+-------+-------++-------
Melee: War axe           |   108 |   118 ||   226
  Use: Potion            |     2 |     2 ||     4
  Eat: Chunk             |     4 |    13 ||    17
Armor: Scale mail        |    86 |    62 ||   148
Dodge: Dodged            |    70 |    41 ||   111
Block: Shield            |    68 |    67 ||   135
